 Dungeon Crawl Stone Soup version 0.15.0-14-g6bbbb5c (webtiles) character file.

102 Heini the Covered (level 4, -8/41 HPs)
             Began as a Minotaur Fighter on Sept 3, 2014.
             Mangled by Heini's ghost (9 damage)
             ... on Level 3 of the Dungeon.
             The game lasted 00:05:38 (1265 turns).

Heini the Covered (Minotaur Fighter)                Turns: 1265, Time: 00:05:38

HP  -8/41        AC 12     Str 21      XL: 4   Next: 50%
MP   2/2         EV  8     Int  5      God:
Gold 97          SH  9     Dex 10      Spells:  0 memorised,  3 levels left

rFire  . . .     SeeInvis .     a - +0 flail
rCold  . . .     Clarity  .     b - +0 scale mail
rNeg   . . .     rCorr    .     j - +0 shield
rPois  .         rRot     .     (helmet restricted)
rElec  .         Spirit   .     (no cloak)
SustAb .         Warding  .     (no gloves)
rMut   .         Stasis   .     s - +0 pair of boots
Gourm  .                        (no amulet)
MR     .....                    o - +2 ring of evasion
                                i - +4 ring of protection

@: not resistant to hostile enchantments, extremely unstealthy
A: retaliatory headbutt, horns 2
a: no special abilities


You were on level 3 of the Dungeon.
You were not hungry.

You visited 1 branch of the dungeon, and saw 3 of its levels.

You collected 97 gold pieces.

Inventory:

Hand weapons
 a - a +0 flail (weapon)
 r - a +2 mace of protection
Armour
 b - a +0 scale mail (worn)
 j - a +0 shield (worn)
 s - a +0 pair of boots (worn)
Comestibles
 d - 2 bread rations
 f - 4 fruits
 h - a chunk of adder flesh
 m - a rotting chunk of bat flesh
Scrolls
 c - a scroll of remove curse
 g - 2 scrolls of magic mapping
 l - 2 scrolls of identify
 v - a scroll of enchant weapon {unknown}
Jewellery
 i - a +4 ring of protection (left hand)
 o - a +2 ring of evasion (right hand)
Potions
 e - a potion of might
 k - 3 potions of curing
 n - a potion of cancellation
 w - a potion of restore abilities


   Skills:
 * Level 4.7 Fighting
 * Level 3.6 Maces & Flails
 * Level 4.9 Armour
 - Level 3.6 Shields


You had 3 spell levels left.
You didn't know any spells.

Dungeon Overview and Level Annotations

Branches:
Dungeon (3/15)

Altars:
Elyvilon
Makhleb

Annotations:
D:3 Heini's ghost, weakling HOFi


Innate Abilities, Weirdness & Mutations

You reflexively headbutt those who attack you in melee.
You have a pair of horns on your head.


Message History

You headbutt the ooze. You sock the ooze!
You kill the ooze!
You block Heini's ghost's attack. Heini's ghost hits you.
* * * LOW HITPOINT WARNING * * *
You hit Heini's ghost but do no damage.
Heini's ghost is heavily damaged.
You block Heini's ghost's attack.
You barely miss Heini's ghost.
Heini's ghost is heavily damaged.
You block Heini's ghost's attack.
You hit Heini's ghost but do no damage.
Heini's ghost is heavily damaged.
You block Heini's ghost's attack.
You sock Heini's ghost!
Heini's ghost is severely damaged.
Heini's ghost hits you!
* * * LOW HITPOINT WARNING * * *
Heini's ghost hits you!
You die...

#.. ######### #>...
.......... #' ###...
#......(. .#'##.....
#........ ..........
#........ .....$...###
#........ ...........#
#........
Ť..........#####........
#...W@...'..##........
#.###...%##.##........
+....+#.##........
#....##.##........
####.##..%%####+##
#..+....# ####....#
+....+ #....#


You could see Heini's ghost.

Vanquished Creatures
  A hound (D:3)
  2 adders (D:3)
  2 worms (D:2)
  2 giant geckos (D:1)
  An ooze (D:3)
  3 ball pythons
  5 bats
  3 giant cockroaches
  4 goblins
  5 hobgoblins
  4 giant newts (D:1)
  4 kobolds
  7 rats
43 creatures vanquished.

Notes
Turn   | Place    | Note
--------------------------------------------------------------
     0 | D:1      | Heini, the Minotaur Fighter, began the quest for the Orb.
     0 | D:1      | Reached XP level 1. HP: 19/19 MP: 1/1
   220 | D:1      | Reached XP level 2. HP: 21/27 MP: 1/1
   305 | D:1      | Reached skill level 4 in Fighting
   796 | D:2      | Reached XP level 3. HP: 18/34 MP: 2/2
   923 | D:2      | Found a white marble altar of Elyvilon.
  1172 | D:3      | Reached XP level 4. HP: 37/41 MP: 2/2
  1175 | D:3      | Found a burning altar of Makhleb.
  1252 | D:3      | Noticed Heini's ghost (weakling HOFi)
  1265 | D:3      | HP: 1/41 [Heini's ghost (10)]
  1265 | D:3      | Mangled by Heini's ghost

Action                   |  1- 3 |  4- 6 || total
-------------------------+-------+-------++-------
Melee: Flail             |   105 |    31 ||   136
  Use: Scroll            |    10 |       ||    10
  Eat: Chunk             |     1 |       ||     1
